 Seeded DCSS version 0.27-a0-1232-gc6a4cbd (webtiles) character file.

Game seed: 3375557939289291370 (custom seed)

1 AmazingTV the Ducker (level 1, -2/11 HPs)
             Began as a Spriggan Abyssal Knight on June 8, 2021.
             Was an Initiate of Lugonu.
             Slain by a goblin
             ... wielding a +1 dagger of distortion
              (6 damage)
             ... on level 1 of the Dungeon.
             The game lasted 00:03:19 (301 turns).

AmazingTV the Ducker (Spriggan Abyssal Knight)       Turns: 301, Time: 00:03:19

Health: -2/11      AC:  2    Str:  8    XL:     1   Next: 16%
Magic:  3/3        EV: 17    Int: 13    God:    Lugonu [......]
Gold:   27         SH:  0    Dex: 14    Spells: 0/0 levels left

rFire    . . .     SeeInvis +   a - +0 dagger
rCold    . . .     Faith    .   (shield restricted)
rNeg     . . .     Spirit   .   b - +0 robe
rPois    .         Reflect  .   (helmet restricted)
rElec    .         Harm     .   (no cloak)
rCorr    .         Rampage  .   (gloves unavailable)
Will     .....                  (boots unavailable)
Stlth    +.........             (no amulet)
HPRegen  0.03/turn              d - ring of wizardry
MPRegen  0.08/turn              (no ring)

@: very quick
A: very small, no large weapons, unfitting armour, see invisible, speed 3
a: Renounce Religion


You were on level 1 of the Dungeon.
You worshipped Lugonu.
Lugonu was noncommittal.
You visited 1 branch of the dungeon, and saw 1 of its levels.
You visited the Abyss 1 time.

You collected 27 gold pieces.

Inventory:

Hand Weapons
 a - a +0 dagger (weapon)
 e - a +1 hand axe
Armour
 b - a +0 robe (worn)
Jewellery
 d - a ring of wizardry (left hand)
Scrolls
 c - 2 scrolls of identify {unknown}


   Skills:
 - Level 2.4 Fighting
 * Level 0.2 Short Blades
 - Level 1.5 Axes
 - Level 3.2 Dodging
 * Level 0.4 Stealth
 - Level 1.7 Invocations


You couldn't memorise any spells.
You didn't know any spells.
Your spell library contained the following spells:

 Spells                   Type           Power      Damage    Failure   Level
 Poisonous Vapours        Pois/Air       0%         N/A       19%         2
 Conjure Flame            Conj/Fire      0%         6-21      34%         3
 Mephitic Cloud           Conj/Pois/Air  0%         N/A       34%         3
 Freezing Cloud           Conj/Ice/Air   0%         6-21      100%        6


Dungeon Overview and Level Annotations

Branches:
Dungeon (1/15)

Altars:


Innate Abilities, Weirdness & Mutations

You are very small and have problems with some larger weapons.
You are too small for most types of armour.
You have supernaturally acute eyesight. (SInv)
You cover ground extremely quickly. (Speed+++)


Message History

Found 7 gold pieces.
There is an open door here.
You now have 27 gold pieces (gained 7).
You open the door.
An endoplasm comes into view.
There is an open door here.
The helpless endoplasm fails to defend itself.
You hit the endoplasm.
The endoplasm is heavily wounded.
The endoplasm freezes you.
You are frozen.
You hit the endoplasm.
You kill the endoplasm!
Lugonu accepts your kill.
You start resting.
HP restored.
There is an open door here.
Okay, then.
Okay, then.
Unknown command.
a - a +0 dagger (weapon)
A goblin comes into view.
It is wielding a +1 dagger of distortion.
A kobold comes into view. It is wielding a +0 dagger.
The goblin hits you but does no damage.
You hit the goblin.
The goblin is heavily wounded.
The goblin barely misses you.
You hit the goblin.
The goblin is severely wounded.
The goblin hits you but does no damage. Space bends around you.
You closely miss the goblin.
The goblin is severely wounded.
The goblin hits you with a +1 dagger of distortion.
Space bends around you.
You closely miss the goblin.
The goblin is severely wounded.
The goblin hits you with a +1 dagger of distortion.
Space bends around you.
Ouch! That really hurt!
You die...

##########
#........#
#........#
#########........#
......g@.........#
.#......#........#
K.##########..#.##
#####
####'####...#
#.#.......
#.#.......
+.'.......
#.#.......
#.##......


You could see a goblin and a kobold.

Vanquished Creatures
  An endoplasm (D:1)
1 creature vanquished.

Notes
Turn   | Place    | Note
-------+----------+-------------------------------------------
     0 | Abyss:1  | AmazingTV the Spriggan Abyssal Knight began the quest for
                  | the Orb.
     0 | Abyss:1  | Reached XP level 1. HP: 11/11 MP: 3/3
   116 | Abyss:2  | Noticed a starcursed mass
   119 | Abyss:2  | Noticed a starcursed mass
   145 | Abyss:3  | Noticed a smoke demon
   156 | Abyss:3  | Noticed a water nymph
   158 | Abyss:3  | Noticed a worldbinder
   171 | Abyss:3  | Noticed a deep elf pyromancer
   171 | Abyss:3  | Noticed a deep elf zephyrmancer
   171 | Abyss:3  | Noticed a deep elf knight
   171 | Abyss:3  | Noticed a worldbinder
   172 | Abyss:3  | Noticed a vault sentinel
   172 | Abyss:3  | Noticed an ironbound preserver
   173 | D:1      | Escaped the Abyss
   301 | D:1      | Slain by a goblin

Illustrated notes

Levels and vault maps discovered:
D:1:      dpeg_arrival_three_smaller_balls, layout_rooms,
          hellmonk_ecumenical_altar_prayer_group, minmay_split_cup_large

Action                   || total
-------------------------++-------
Melee: Dagger            ||     4
       Hand axe          ||     2
Invok: Depart the Abyss  ||     1
 Stab: Sleeping          ||     1
Armor: Robe              ||     2
Dodge: Dodged            ||     2

Table legend: (Time is in decaauts)
 A = Elapsed time spent in this place.
 B = Non-inter-level travel time spent in this place.
 C = Inter-level travel time spent in this place.
 D = Time resting spent in this place.
 E = Time spent auto-exploring this place.
 F = Levels seen in this place.
 G = Mean time per level.
                   A        B        C        D        E       F      G
               +--------+--------+--------+--------+--------+-----+--------+
         Total |    212 |    201 |     11 |     46 |     76 |   4 |   53.0 |
       Dungeon |    105 |     94 |     11 |     46 |     26 |   1 |  105.0 |
         Abyss |    106 |    106 |      0 |      0 |     50 |   3 |   35.3 |
               +--------+--------+--------+--------+--------+-----+--------+

Top non-repeatable levels by time:
     D:1: 105 daAuts
 Abyss:1: 42 daAuts
 Abyss:2: 33 daAuts
 Abyss:3: 31 daAuts
